Workbook

Sheet MEDIÇÃO 9
A1: PREFEITURA MUNICIPAL DE SO ROQUE DO CANA Estado do Esprito Santo SECRETARIA MUNICIPAL DE OBRAS E SERVIÇOS URBANOS – SETOR DE ENGENHARIA
A12: BOLETIM DE MEDIÇÃO 09 | N12: DATA: 06/03/2025
A14: OBRA: REFORMA UNIDADE BÁSICA DE SAÚDE “ETHEVALDO FRANCISCO ROLDI” (UBS SEDE) | G14: CONTRATO Nº: | I14: 056/2024 | K14: Assinatura: 08/05/2024 | N14: INÍCIO: | P14: 45426
N15: TÉRMINO: | P15: 45726
A16: LOCAL: RUA OLÍVIO PERINI, Nº 107, BAIRRO CINCO CASINHAS, SÃO ROQUE DO CANAÃ/ES | G16: PERÍODO: | I16: 45658 | K16: a | L16: 45688 | N16: PRAZO: | P16: 120 dias + 90 dias + 90 dias
A17: EMPREITEIRA: FABIO JULIO ENGENHARIA LTDA | I17: =L18 -> MEDIÇÃO 09 | L17: =O129 -> 82489.347 | N17: % MÊS: | O17: =K129 -> 0.21202217 | P17: % ACUM: | Q17: =K130 -> 0.99999999
A18: ITEM | B18: ESPECIFICAÇÃO | C18: UNID. | D18: QUANT. | E18: PREÇO UNIT R$ | F18: 1º REPLANILHAMENTO | I18: ACUMULADO ANTERIOR | L18: MEDIÇÃO 09 | O18: TOTAL MEDIDO
F19: ACRÉSC. | G19: DECRÉSC | H19: QUANT. ATUALIZADA | I19: QUANT. | J19: TOTAL | K19: % | L19: QUANT. | M19: TOTAL | N19: % | O19: QUANT. | P19: TOTAL | Q19: %
A20: 1 | B20: INSTALAÇÃO DO CANTEIRO DE OBRAS | M20: =SUM(M21:M22) -> 0 | P20: =SUM(P21:P22) -> 11375.726
A21: 1.1 | B21: Placa de obra nas dimensões de 2.0 x 4.0 m, padrão DER | C21: m2 | D21: 8 | E21: 403.48363 | H21: =D21+F21-G21 -> 8 | I21: 8 | J21: =I21*E21 -> 3227.869 | K21: =I21/H21 -> 1 | M21: =L21*E21 -> 0 | N21: =L21/H21 -> 0 | O21: =I21+L21 -> 8 | P21: =J21+M21 -> 3227.869 | Q21: =K21+N21 -> 1
A22: 1.2 | B22: Barracão para almoxarifado área de 10.90m2, de chapa de compensado de 12mm e pontalete 8x8cm, piso cimentado e cobertura de telhas de fibrocimento de 6mm, incl. ponto de luz, conf. projeto (1 utilização) | C22: m2 | D22: 10.9 | E22: 747.50985 | H22: =D22+F22-G22 -> 10.9 | I22: 10.9 | J22: =I22*E22 -> 8147.8574 | K22: =I22/H22 -> 1 | M22: =L22*E22 -> 0 | N22: =L22/H22 -> 0 | O22: =I22+L22 -> 10.9 | P22: =J22+M22 -> 8147.8574 | Q22: =K22+N22 -> 1
A23: 2 | B23: SERVIÇOS PRELIMINARES | M23: =SUM(M24:M40) -> 0 | P23: =SUM(P24:P40) -> 18478.341
A24: 2.1 | B24: Demolição de alvenaria | C24: m3 | D24: 18.91 | E24: 70.267834 | H24: =D24+F24-G24 -> 18.91 | I24: 18.91 | J24: =I24*E24 -> 1328.7647 | K24: =I24/H24 -> 1 | M24: =L24*E24 -> 0 | N24: =L24/H24 -> 0 | O24: =I24+L24 -> 18.91 | P24: =J24+M24 -> 1328.7647 | Q24: =K24+N24 -> 1
A25: 2.2 | B25: Lixamento de parede com pintura antiga PVA para recebimento de nova camada de tinta | C25: m2 | D25: 463.58 | E25: 4.414669 | H25: =D25+F25-G25 -> 463.58 | I25: 463.58 | J25: =I25*E25 -> 2046.5523 | K25: =I25/H25 -> 1 | M25: =L25*E25 -> 0 | N25: =L25/H25 -> 0 | O25: =I25+L25 -> 463.58 | P25: =J25+M25 -> 2046.5523 | Q25: =K25+N25 -> 1
A26: 2.3 | B26: Retirada de bancada de pia | C26: m2 | D26: 8.88 | E26: 29.068333 | H26: =D26+F26-G26 -> 8.88 | I26: 8.88 | J26: =I26*E26 -> 258.1268 | K26: =I26/H26 -> 1 | M26: =L26*E26 -> 0 | N26: =L26/H26 -> 0 | O26: =I26+L26 -> 8.88 | P26: =J26+M26 -> 258.1268 | Q26: =K26+N26 -> 1
A27: 2.4 | B27: Retirada de portas e janelas de madeira, inclusive batentes | C27: m2 | D27: 15.96 | E27: 18.734828 | H27: =D27+F27-G27 -> 15.96 | I27: 15.96 | J27: =I27*E27 -> 299.00785 | K27: =I27/H27 -> 1 | M27: =L27*E27 -> 0 | N27: =L27/H27 -> 0 | O27: =I27+L27 -> 15.96 | P27: =J27+M27 -> 299.00785 | Q27: =K27+N27 -> 1
A28: 2.5 | B28: Retirada de revestimento antigo em reboco | C28: m2 | D28: 63.43 | E28: 11.715382 | H28: =D28+F28-G28 -> 63.43 | I28: 63.43 | J28: =I28*E28 -> 743.10668 | K28: =I28/H28 -> 1 | M28: =L28*E28 -> 0 | N28: =L28/H28 -> 0 | O28: =I28+L28 -> 63.43 | P28: =J28+M28 -> 743.10668 | Q28: =K28+N28 -> 1
B29: Retirada de rodapé de madeira ou cerâmica | C29: m | D29: 252.38 | E29: 2.727067 | H29: =D29+F29-G29 -> 252.38 | I29: 252.38 | J29: =I29*E29 -> 688.25717 | K29: =I29/H29 -> 1 | M29: =L29*E29 -> 0 | N29: =L29/H29 -> 0 | O29: =I29+L29 -> 252.38 | P29: =J29+M29 -> 688.25717 | Q29: =K29+N29 -> 1
A30: 2.6 | B30: Retirada de esquadrias metálicas | C30: m2 | D30: 7.8 | E30: 11.715382 | H30: =D30+F30-G30 -> 7.8 | I30: 7.8 | J30: =I30*E30 -> 91.37998 | K30: =I30/H30 -> 1 | M30: =L30*E30 -> 0 | N30: =L30/H30 -> 0 | O30: =I30+L30 -> 7.8 | P30: =J30+M30 -> 91.37998 | Q30: =K30+N30 -> 1
A31: 2.7 | B31: Retirada de torneiras e registros | C31: und | D31: 1 | E31: 12.815992 | H31: =D31+F31-G31 -> 1 | I31: 1 | J31: =I31*E31 -> 12.815992 | K31: =I31/H31 -> 1 | M31: =L31*E31 -> 0 | N31: =L31/H31 -> 0 | O31: =I31+L31 -> 1 | P31: =J31+M31 -> 12.815992 | Q31: =K31+N31 -> 1
A32: 2.8 | B32: Retirada de caixas/quadros elétricos | C32: und | D32: 2 | E32: 17.401867 | H32: =D32+F32-G32 -> 2 | I32: 2 | J32: =I32*E32 -> 34.803734 | K32: =I32/H32 -> 1 | M32: =L32*E32 -> 0 | N32: =L32/H32 -> 0 | O32: =I32+L32 -> 2 | P32: =J32+M32 -> 34.803734 | Q32: =K32+N32 -> 1
A33: 2.9 | B33: Retirada de pontos elétricos (luminárias, interruptores e tomadas) | C33: und | D33: 1 | E33: 12.815992 | H33: =D33+F33-G33 -> 1 | I33: 1 | J33: =I33*E33 -> 12.815992 | K33: =I33/H33 -> 1 | M33: =L33*E33 -> 0 | N33: =L33/H33 -> 0 | O33: =I33+L33 -> 1 | P33: =J33+M33 -> 12.815992 | Q33: =K33+N33 -> 1
A34: 2.10 | B34: Demolição de piso granilite | C34: m2 | D34: 319.3 | E34: 32.516911 | H34: =D34+F34-G34 -> 319.3 | I34: 319.3 | J34: =I34*E34 -> 10382.65 | K34: =I34/H34 -> 1 | M34: =L34*E34 -> 0 | N34: =L34/H34 -> 0 | O34: =I34+L34 -> 319.3 | P34: =J34+M34 -> 10382.65 | Q34: =K34+N34 -> 1
A35: 2.11 | B35: Abertura e fechamento de rasgos em alvenaria, para passagem de tubulações, diâm. 11/4" a 2" | C35: m | D35: 7.6 | E35: 22.427986 | H35: =D35+F35-G35 -> 7.6 | I35: 7.6 | J35: =I35*E35 -> 170.45269 | K35: =I35/H35 -> 1 | M35: =L35*E35 -> 0 | N35: =L35/H35 -> 0 | O35: =I35+L35 -> 7.6 | P35: =J35+M35 -> 170.45269 | Q35: =K35+N35 -> 1
A36: 2.12 | B36: Apicoamento de superfície com revestimento em argamassa | C36: m2 | D36: 36.85 | E36: 11.715382 | H36: =D36+F36-G36 -> 36.85 | I36: 36.85 | J36: =I36*E36 -> 431.71183 | K36: =I36/H36 -> 1 | M36: =L36*E36 -> 0 | N36: =L36/H36 -> 0 | O36: =I36+L36 -> 36.85 | P36: =J36+M36 -> 431.71183 | Q36: =K36+N36 -> 1
A37: 2.13 | B37: Remoção de vidro temperado fixado em perfil u. | C37: m2 | D37: 5.52 | E37: 15.462348 | H37: =D37+F37-G37 -> 5.52 | I37: 5.52 | J37: =I37*E37 -> 85.352159 | K37: =I37/H37 -> 1 | M37: =L37*E37 -> 0 | N37: =L37/H37 -> 0 | O37: =I37+L37 -> 5.52 | P37: =J37+M37 -> 85.352159 | Q37: =K37+N37 -> 1
A38: 2.14 | B38: Remoção de telhas, de fibrocimento, metálica e cerâmica, de forma manual, sem reaproveitamento | C38: m2 | D38: 182.62 | E38: 3.3727582 | H38: =D38+F38-G38 -> 182.62 | I38: 182.62 | J38: =I38*E38 -> 615.9331 | K38: =I38/H38 -> 1 | M38: =L38*E38 -> 0 | N38: =L38/H38 -> 0 | O38: =I38+L38 -> 182.62 | P38: =J38+M38 -> 615.9331 | Q38: =K38+N38 -> 1
A39: 2.15 | B39: Lixamento de madeira para aplicação de fundo ou pintura | C39: m2 | D39: 73.07 | E39: 2.274594 | H39: =D39+F39-G39 -> 73.07 | I39: 73.07 | J39: =I39*E39 -> 166.20458 | K39: =I39/H39 -> 1 | M39: =L39*E39 -> 0 | N39: =L39/H39 -> 0 | O39: =I39+L39 -> 73.07 | P39: =J39+M39 -> 166.20458 | Q39: =K39+N39 -> 1
A40: 2.16 | B40: Remoção de forro de gesso, de forma manual, sem reaproveitamento | C40: m2 | D40: 369.11 | E40: 3.008334 | H40: =D40+F40-G40 -> 369.11 | I40: 369.11 | J40: =I40*E40 -> 1110.4062 | K40: =I40/H40 -> 1 | M40: =L40*E40 -> 0 | N40: =L40/H40 -> 0 | O40: =I40+L40 -> 369.11 | P40: =J40+M40 -> 1110.4062 | Q40: =K40+N40 -> 1
A41: 3 | B41: PAREDES E PAINÉIS | M41: =SUM(M42:M44) -> 0 | P41: =SUM(P42:P44) -> 9207.4744
A42: 3.1 | B42: Alvenaria de blocos cerâmicos 10 furos 10x20x20cm, assentados c/argamassa de cimento, cal hidratada CH1 e areia traço 1:0,5:8, esp. das juntas 12mm e esp. das paredes s/revestimento, 10cm (bloco comprado na fábrica, posto obra) | C42: m2 | D42: 46.94 | E42: 80.258927 | H42: =D42+F42-G42 -> 46.94 | I42: 46.94 | J42: =I42*E42 -> 3767.354 | K42: =I42/H42 -> 1 | M42: =L42*E42 -> 0 | N42: =L42/H42 -> 0 | O42: =I42+L42 -> 46.94 | P42: =J42+M42 -> 3767.354 | Q42: =K42+N42 -> 1
A43: 3.2 | B43: Verga/contraverga reta de concreto armado 10 x 5 cm, Fck = 15 MPa, inclusive forma, armação e desforma | C43: m | D43: 7.6 | E43: 11.409657 | H43: =D43+F43-G43 -> 7.6 | I43: 7.6 | J43: =I43*E43 -> 86.713393 | K43: =I43/H43 -> 1 | M43: =L43*E43 -> 0 | N43: =L43/H43 -> 0 | O43: =I43+L43 -> 7.6 | P43: =J43+M43 -> 86.713393 | Q43: =K43+N43 -> 1
A44: 3.3 | B44: Parede com placas de gesso acartonado (DRYWALL), para uso interno, com duas faces simples e estrutura metálica com guias duplas, com vãos. | C44: m2 | D44: 28.05 | E44: 190.8523 | H44: =D44+F44-G44 -> 28.05 | I44: 28.05 | J44: =I44*E44 -> 5353.407 | K44: =I44/H44 -> 1 | M44: =L44*E44 -> 0 | N44: =L44/H44 -> 0 | O44: =I44+L44 -> 28.05 | P44: =J44+M44 -> 5353.407 | Q44: =K44+N44 -> 1
A45: 4 | B45: ESQUADRIAS DE MADEIRA | M45: =SUM(M46:M49) -> 8869.8502 | P45: =SUM(P46:P49) -> 24883.444
A46: 4.1 | B46: Marco de madeira de lei de 1ª (Peroba, Ipê, Angelim Pedra ou equivalente) com 15x3 cm de batente, nas dimensões de 0.80 x 2.10 m | C46: und | D46: 5 | E46: 489.58801 | H46: =D46+F46-G46 -> 5 | I46: 5 | J46: =I46*E46 -> 2447.9401 | K46: =I46/H46 -> 1 | M46: =L46*E46 -> 0 | N46: =L46/H46 -> 0 | O46: =I46+L46 -> 5 | P46: =J46+M46 -> 2447.9401 | Q46: =K46+N46 -> 1
A47: 4.2 | B47: Recolocação de porta em madeira de lei tipo angelim pedra ou equiv.c/enchimento em madeira 1a.qualidade esp. 30mm p/ pintura, inclusive alizares, dobradiças e fechadura externa em latão cromado LaFonte ou equiv., exclusive marco e porta, nas dim.: 0.80 x 2.10 m | C47: und. | D47: 5 | E47: 1108.7313 | F47: 8 | H47: =D47+F47-G47 -> 13 | I47: 5 | J47: =I47*E47 -> 5543.6564 | K47: =I47/H47 -> 0.38461538 | L47: 8 | M47: =L47*E47 -> 8869.8502 | N47: =L47/H47 -> 0.61538462 | O47: =I47+L47 -> 13 | P47: =J47+M47 -> 14413.507 | Q47: =K47+N47 -> 1
A48: 4.3 | B48: Porta radiológica em mad/mad de lei, p/pintura, dim: 0,92x2,12m, laminado de chumbo embutido, e=2mm, dobradiças reforçadas, fechadura autoblocante, marca Arouca, ref.: 108449/40-Z-ZCE ou similar, maçaneta tipo alavanca, inclusive batentes de madeira. | C48: und. | D48: 1 | E48: 7560.2542 | H48: =D48+F48-G48 -> 1 | I48: 1 | J48: =I48*E48 -> 7560.2542 | K48: =I48/H48 -> 1 | M48: =L48*E48 -> 0 | N48: =L48/H48 -> 0 | O48: =I48+L48 -> 1 | P48: =J48+M48 -> 7560.2542 | Q48: =K48+N48 -> 1
A49: 4.4 | B49: Recolocação de Porta de madeira compensada lisa para pintura, 120x210x3,5cm, 2 folhas , incluso aduela 2a, alizar 2a e dobradiças, exclusive porta. | C49: und. | D49: 1 | E49: 461.74258 | H49: =D49+F49-G49 -> 1 | I49: 1 | J49: =I49*E49 -> 461.74258 | K49: =I49/H49 -> 1 | M49: =L49*E49 -> 0 | N49: =L49/H49 -> 0 | O49: =I49+L49 -> 1 | P49: =J49+M49 -> 461.74258 | Q49: =K49+N49 -> 1
A50: 5 | B50: VIDROS | M50: =SUM(M51:M52) -> 98.392208 | P50: =SUM(P51:P52) -> 3225.4141
A51: 5.1 | B51: Instalação de vidro temperado, e = 10 mm, encaixado em perfil u | C51: m2 | D51: 5.52 | E51: 566.48947 | H51: =D51+F51-G51 -> 5.52 | I51: 5.52 | J51: =I51*E51 -> 3127.0219 | K51: =I51/H51 -> 1 | M51: =L51*E51 -> 0 | N51: =L51/H51 -> 0 | O51: =I51+L51 -> 5.52 | P51: =J51+M51 -> 3127.0219 | Q51: =K51+N51 -> 1
A52: 5.2 | B52: Silicone acetico uso geral incolor 280 g | C52: und | E52: 24.598052 | F52: 4 | H52: =D52+F52-G52 -> 4 | J52: =I52*E52 -> 0 | K52: =I52/H52 -> 0 | L52: 4 | M52: =L52*E52 -> 98.392208 | N52: =L52/H52 -> 1 | O52: =I52+L52 -> 4 | P52: =J52+M52 -> 98.392208 | Q52: =K52+N52 -> 1
A53: 6 | B53: REVESTIMENTOS | M53: =SUM(M54:M59) -> 4037.478 | P53: =SUM(P54:P59) -> 25084.249
A54: 6.1 | B54: Chapisco de argamassa de cimento e areia média ou grossa lavada, no traço 1:3, espessura 5 mm | C54: m2 | D54: 92.24 | E54: 8.584758 | H54: =D54+F54-G54 -> 92.24 | I54: 92.24 | J54: =I54*E54 -> 791.85808 | K54: =I54/H54 -> 1 | M54: =L54*E54 -> 0 | N54: =L54/H54 -> 0 | O54: =I54+L54 -> 92.24 | P54: =J54+M54 -> 791.85808 | Q54: =K54+N54 -> 1
A55: 6.2 | B55: Reboco tipo paulista de argamassa de cimento, cal hidratada CH1 e areia média ou grossa lavada no traço 1:0.5:6, espessura 25 mm | C55: m2 | D55: 86.36 | E55: 70.365666 | H55: =D55+F55-G55 -> 86.36 | I55: 86.36 | J55: =I55*E55 -> 6076.7789 | K55: =I55/H55 -> 1 | M55: =L55*E55 -> 0 | N55: =L55/H55 -> 0 | O55: =I55+L55 -> 86.36 | P55: =J55+M55 -> 6076.7789 | Q55: =K55+N55 -> 1
A56: 6.3 | B56: Emboço de argamassa de cimento, cal hidratada CH1 e areia média ou grossa lavada no traço 1:0.5:6, espessura 20 mm | C56: m2 | D56: 36.85 | E56: 41.33402 | H56: =D56+F56-G56 -> 36.85 | I56: 36.85 | J56: =I56*E56 -> 1523.1586 | K56: =I56/H56 -> 1 | M56: =L56*E56 -> 0 | N56: =L56/H56 -> 0 | O56: =I56+L56 -> 36.85 | P56: =J56+M56 -> 1523.1586 | Q56: =K56+N56 -> 1
A57: 6.4 | B57: Azulejo branco 15 x 15 cm, juntas a prumo, assentado com argamassa de cimento colante, inclusive rejuntamento com cimento branco, marcas de referência Eliane, Cecrisa ou Portobello | C57: m2 | D57: 36.85 | E57: 116.13881 | H57: =D57+F57-G57 -> 36.85 | I57: 36.85 | J57: =I57*E57 -> 4279.7153 | K57: =I57/H57 -> 1 | M57: =L57*E57 -> 0 | N57: =L57/H57 -> 0 | O57: =I57+L57 -> 36.85 | P57: =J57+M57 -> 4279.7153 | Q57: =K57+N57 -> 1
A58: 6.5 | B58: Revestimento com argamassa baritada - densidade = 3,2 g/cm³ - esp=2,0cm | C58: m2 | D58: 57.68 | E58: 145.20215 | H58: =D58+F58-G58 -> 57.68 | I58: 57.68 | J58: =I58*E58 -> 8375.2599 | K58: =I58/H58 -> 1 | M58: =L58*E58 -> 0 | N58: =L58/H58 -> 0 | O58: =I58+L58 -> 57.68 | P58: =J58+M58 -> 8375.2599 | Q58: =K58+N58 -> 1
A59: 6.6 | B59: Pastilha cerâmica branca 5 x 5 cm, assentada com argamassa de cimento colante e rejunte pré-fabricado, marcas de referência Atlas, Jatobá, NGK ou equivalentwe | C59: m2 | E59: 336.4565 | F59: 12 | H59: =D59+F59-G59 -> 12 | J59: =I59*E59 -> 0 | K59: =I59/H59 -> 0 | L59: 12 | M59: =L59*E59 -> 4037.478 | N59: =L59/H59 -> 1 | O59: =I59+L59 -> 12 | P59: =J59+M59 -> 4037.478 | Q59: =K59+N59 -> 1
A60: 7. | B60: PISO | M60: =SUM(M61:M63) -> 10294.981 | P60: =SUM(P61:P63) -> 158083.62
A61: 7.1 | B61: Piso cimentado liso com 1.5 cm de espessura, de argamassa de cimento e areia no traço 1:3 e juntas plásticas em quadros de 1 m | C61: m2 | D61: 319.3 | E61: 71.955436 | H61: =D61+F61-G61 -> 319.3 | I61: 319.3 | J61: =I61*E61 -> 22975.371 | K61: =I61/H61 -> 1 | M61: =L61*E61 -> 0 | N61: =L61/H61 -> 0 | O61: =I61+L61 -> 319.3 | P61: =J61+M61 -> 22975.371 | Q61: =K61+N61 -> 1
A62: 7.2 | B62: Piso vinílico - flexível em manta, padrão liso, espessura 2mm, fixado com cola. | C62: m2 | D62: 383.16 | E62: 242.25783 | F62: 33.62 | H62: =D62+F62-G62 -> 416.78 | I62: 383.16 | J62: =I62*E62 -> 92823.512 | K62: =I62/H62 -> 0.91933394 | L62: 33.62 | M62: =L62*E62 -> 8144.7084 | N62: =L62/H62 -> 0.080666059 | O62: =I62+L62 -> 416.78 | P62: =J62+M62 -> 100968.22 | Q62: =K62+N62 -> 1
A63: 7.3 | B63: Rodapé vinílico flexível em manta, altura 10 cm. | C63: m | D63: 304.98 | E63: 104.89133 | F63: 20.5 | H63: =D63+F63-G63 -> 325.48 | I63: 304.98 | J63: =I63*E63 -> 31989.758 | K63: =I63/H63 -> 0.9370161 | L63: 20.5 | M63: =L63*E63 -> 2150.2723 | N63: =L63/H63 -> 0.062983901 | O63: =I63+L63 -> 325.48 | P63: =J63+M63 -> 34140.031 | Q63: =K63+N63 -> 1
A64: 8 | B64: INSTALAÇÕES HIDRO SANITÁRIAS | M64: =SUM(M66:M76) -> 6290.0921 | P64: =SUM(P66:P76) -> 17738.952
A65: 8.1 | B65: APARELHOS HIDROSSANITÁRIOS
A66: 8.1. | B66: Cuba de aço inox n° 1(dim.460x300x150)mm, marcas de referência Franke, Strake, tramontina, inclusive válvula de metal 31/2" e sifão cromado 1 x 1/2", excl. torneira | C66: und | D66: 5 | E66: 807.92111 | H66: =D66+F66-G66 -> 5 | I66: 5 | J66: =I66*E66 -> 4039.6056 | K66: =I66/H66 -> 1 | M66: =L66*E66 -> 0 | N66: =L66/H66 -> 0 | O66: =I66+L66 -> 5 | P66: =J66+M66 -> 4039.6056 | Q66: =K66+N66 -> 1
A67: 8.2. | B67: Bancada de granito com espessura de 2 cm | C67: m2 | D67: 8.35 | E67: 468.43185 | F67: 7 | H67: =D67+F67-G67 -> 15.35 | I67: 8.35 | J67: =I67*E67 -> 3911.4059 | K67: =I67/H67 -> 0.54397394 | L67: 7 | M67: =L67*E67 -> 3279.0229 | N67: =L67/H67 -> 0.45602606 | O67: =I67+L67 -> 15.35 | P67: =J67+M67 -> 7190.4288 | Q67: =K67+N67 -> 1
A68: 8.2.3 | B68: Tubo de PVC rígido soldável marrom, DN 25mm (3/4"), inclusive conexões | C68: m | E68: 30.865491 | F68: 23.7 | H68: =D68+F68-G68 -> 23.7 | J68: =I68*E68 -> 0 | K68: =I68/H68 -> 0 | L68: 23.7 | M68: =L68*E68 -> 731.51214 | N68: =L68/H68 -> 1 | O68: =I68+L68 -> 23.7 | P68: =J68+M68 -> 731.51214 | Q68: =K68+N68 -> 1
A69: 8.2 | B69: TORNEIRAS, REGISTRO, VÁLVULAS E METAIS
A70: 8.2.1 | B70: Ponto de água fria (lavatório, tanque, pia de cozinha, etc...) | C70: pt | D70: 5 | E70: 133.44285 | H70: =D70+F70-G70 -> 5 | I70: 5 | J70: =I70*E70 -> 667.21424 | K70: =I70/H70 -> 1 | M70: =L70*E70 -> 0 | N70: =L70/H70 -> 0 | O70: =I70+L70 -> 5 | P70: =J70+M70 -> 667.21424 | Q70: =K70+N70 -> 1
A71: 8.2.2 | B71: Ponto para esgoto secundário (pia, lavatório, mictório, tanque, bidê, etc...) | C71: pt | D71: 3 | E71: 122.88922 | H71: =D71+F71-G71 -> 3 | I71: 3 | J71: =I71*E71 -> 368.66766 | K71: =I71/H71 -> 1 | M71: =L71*E71 -> 0 | N71: =L71/H71 -> 0 | O71: =I71+L71 -> 3 | P71: =J71+M71 -> 368.66766 | Q71: =K71+N71 -> 1
A72: 8.2.3 | B72: Sifão em PVC para pia de cozinha ou lavatório 1x11/2" | C72: und | D72: 1 | E72: 32.296789 | H72: =D72+F72-G72 -> 1 | I72: 1 | J72: =I72*E72 -> 32.296789 | K72: =I72/H72 -> 1 | M72: =L72*E72 -> 0 | N72: =L72/H72 -> 0 | O72: =I72+L72 -> 1 | P72: =J72+M72 -> 32.296789 | Q72: =K72+N72 -> 1
A73: 8.2.4 | B73: Lavatório de louça branca com coluna, marcas de referência Deca, Celite ou Ideal Standard, inclusive sifão, válvula e engates cromados, exclusive torneira. | C73: und | D73: 1 | E73: 753.51429 | H73: =D73+F73-G73 -> 1 | I73: 1 | J73: =I73*E73 -> 753.51429 | K73: =I73/H73 -> 1 | M73: =L73*E73 -> 0 | N73: =L73/H73 -> 0 | O73: =I73+L73 -> 1 | P73: =J73+M73 -> 753.51429 | Q73: =K73+N73 -> 1
A74: 8.2.5 | B74: Torneira pressão cromada diam. 1/2" para pia, marcas de referência Fabrimar, Deca ou Docol | C74: und | D74: 6 | E74: 279.35928 | H74: =D74+F74-G74 -> 6 | I74: 6 | J74: =I74*E74 -> 1676.1557 | K74: =I74/H74 -> 1 | M74: =L74*E74 -> 0 | N74: =L74/H74 -> 0 | O74: =I74+L74 -> 6 | P74: =J74+M74 -> 1676.1557 | Q74: =K74+N74 -> 1
A75: 8.2.6 | B75: Torneira para tanque, marcas de referência Fabrimar, Deca ou Docol. | C75: und | E75: 290.37806 | F75: 1 | H75: =D75+F75-G75 -> 1 | J75: =I75*E75 -> 0 | K75: =I75/H75 -> 0 | L75: 1 | M75: =L75*E75 -> 290.37806 | N75: =L75/H75 -> 1 | O75: =I75+L75 -> 1 | P75: =J75+M75 -> 290.37806 | Q75: =K75+N75 -> 1
A76: 8.2.7 | B76: Tanque simples de aço inox Fischer, mod. TQ1-S AISI 304, ou equivalente nas marcas Metalpress ou Mekal, inclusive válvula de metal 1 1/4" e sifão cromado 2", excl. torneira | C76: und | E76: 1989.179 | F76: 1 | H76: =D76+F76-G76 -> 1 | J76: =I76*E76 -> 0 | K76: =I76/H76 -> 0 | L76: 1 | M76: =L76*E76 -> 1989.179 | N76: =L76/H76 -> 1 | O76: =I76+L76 -> 1 | P76: =J76+M76 -> 1989.179 | Q76: =K76+N76 -> 1
A77: 9 | B77: INSTALAÇÕES ELÉTRICAS | M77: =SUM(M78:M101) -> 27712.431 | P77: =SUM(P78:P101) -> 50298.176
A78: 9.1 | B78: Ponto padrão de tomada 2 pólos mais terra - considerando eletroduto PVC rígido de 3/4" inclusive conexões (5.0m), fio isolado PVC de 2.5mm2 (16.5m) e caixa pvc 4x2" (1 und) | C78: und | D78: 32 | E78: 255.85514 | H78: =D78+F78-G78 -> 32 | I78: 32 | J78: =I78*E78 -> 8187.3644 | K78: =I78/H78 -> 1 | M78: =L78*E78 -> 0 | N78: =L78/H78 -> 0 | O78: =I78+L78 -> 32 | P78: =J78+M78 -> 8187.3644 | Q78: =K78+N78 -> 1
A79: 9.2 | B79: Tomada padrão brasileiro linha branca, NBR 14136 2 polos + terra 10A/250V, com placa 4x2" | C79: und | D79: 32 | E79: 45.345132 | F79: 37 | H79: =D79+F79-G79 -> 69 | I79: 32 | J79: =I79*E79 -> 1451.0442 | K79: =I79/H79 -> 0.46376812 | L79: 37 | M79: =L79*E79 -> 1677.7699 | N79: =L79/H79 -> 0.53623188 | O79: =I79+L79 -> 69 | P79: =J79+M79 -> 3128.8141 | Q79: =K79+N79 -> 1
A80: 9.3 | B80: Ponto padrão de luz no teto - considerando eletroduto PVC rígido de 3/4" inclusive conexões (4.5m), fio isolado PVC de 2.5mm2 (16.2m) e caixa PVC 4x4" (1 und) | C80: und | D80: 9 | E80: 252.06415 | H80: =D80+F80-G80 -> 9 | I80: 9 | J80: =I80*E80 -> 2268.5773 | K80: =I80/H80 -> 1 | M80: =L80*E80 -> 0 | N80: =L80/H80 -> 0 | O80: =I80+L80 -> 9 | P80: =J80+M80 -> 2268.5773 | Q80: =K80+N80 -> 1
A81: 9.4 | B81: Ponto padrão de interruptor de 1 tecla simples e 1 tomada dois pólos mais terra 10A/250V - considerando eletroduto PVC rígido de 3/4" inclusive conexões (4.5m), fio isolado PVC de 2.5mm2 (19.4m) e caixa PVC 4x2" (1 und) | C81: und | D81: 5 | E81: 269.18475 | H81: =D81+F81-G81 -> 5 | I81: 5 | J81: =I81*E81 -> 1345.9237 | K81: =I81/H81 -> 1 | M81: =L81*E81 -> 0 | N81: =L81/H81 -> 0 | O81: =I81+L81 -> 5 | P81: =J81+M81 -> 1345.9237 | Q81: =K81+N81 -> 1
A82: 9.5 | B82: Interruptor de uma tecla simples 10A/250V e uma tomada 3 polos 10A/250V, padrão brasileiro, NBR 14136, linha branca, com placa 4x2" | C82: und | D82: 5 | E82: 72.530199 | H82: =D82+F82-G82 -> 5 | I82: 5 | J82: =I82*E82 -> 362.651 | K82: =I82/H82 -> 1 | M82: =L82*E82 -> 0 | N82: =L82/H82 -> 0 | O82: =I82+L82 -> 5 | P82: =J82+M82 -> 362.651 | Q82: =K82+N82 -> 1
A83: 9.6 | B83: Luminaria sobrepor compl., corpo ch. aço pintada branca, refletor, aletas parabólicas alum.alta pureza e refletância inclusive 2 lâmpadas LED T8 9/10W temp. de cor 5000k c/ 60cm - Ref. CS216AL-N - AMES, 1261 - LUMAVI OU EQUIVALENTE | C83: und | D83: 9 | E83: 214.98582 | F83: 41 | H83: =D83+F83-G83 -> 50 | I83: 9 | J83: =I83*E83 -> 1934.8724 | K83: =I83/H83 -> 0.18 | L83: 41 | M83: =L83*E83 -> 8814.4186 | N83: =L83/H83 -> 0.82 | O83: =I83+L83 -> 50 | P83: =J83+M83 -> 10749.291 | Q83: =K83+N83 -> 1
A84: 9.7 | B84: Quadro de distribuição de energia em PVC, de embutir, com 12 divisões modulares com barramento | C84: und | D84: 1 | E84: 284.37317 | H84: =D84+F84-G84 -> 1 | I84: 1 | J84: =I84*E84 -> 284.37317 | K84: =I84/H84 -> 1 | M84: =L84*E84 -> 0 | N84: =L84/H84 -> 0 | O84: =I84+L84 -> 1 | P84: =J84+M84 -> 284.37317 | Q84: =K84+N84 -> 1
A85: 9.8 | B85: Mini-Disjuntor monopolar 20 A, curva C - 5KA 220/127VCA (NBR IEC 60947-2), Ref. Siemens, GE, Schneider ou equivalente | C85: und | D85: 2 | E85: 26.854884 | H85: =D85+F85-G85 -> 2 | I85: 2 | J85: =I85*E85 -> 53.709768 | K85: =I85/H85 -> 1 | M85: =L85*E85 -> 0 | N85: =L85/H85 -> 0 | O85: =I85+L85 -> 2 | P85: =J85+M85 -> 53.709768 | Q85: =K85+N85 -> 1
A86: 9.9 | B86: Mini-Disjuntor bipolar 50 A, curva C - 5KA 220/127VCA (NBR IEC 60947-2), Ref. Siemens, GE, Schneider ou equivalente | C86: und | D86: 1 | E86: 94.823666 | H86: =D86+F86-G86 -> 1 | I86: 1 | J86: =I86*E86 -> 94.823666 | K86: =I86/H86 -> 1 | M86: =L86*E86 -> 0 | N86: =L86/H86 -> 0 | O86: =I86+L86 -> 1 | P86: =J86+M86 -> 94.823666 | Q86: =K86+N86 -> 1
A87: 9.10 | B87: Eletroduto de PVC rígido roscável, diâm. 1 1/4" (40mm), inclusive conexões | C87: m | D87: 23.4 | E87: 37.445198 | H87: =D87+F87-G87 -> 23.4 | I87: 23.4 | J87: =I87*E87 -> 876.21763 | K87: =I87/H87 -> 1 | M87: =L87*E87 -> 0 | N87: =L87/H87 -> 0 | O87: =I87+L87 -> 23.4 | P87: =J87+M87 -> 876.21763 | Q87: =K87+N87 -> 1
A88: 9.11 | B88: Cabo de cobre termoplástico (PVC) flexível isolado 450/750V, antichama BWF livre de chumbo, 70ºC ? 10,0mm2 | C88: m | D88: 160.2 | E88: 19.945499 | H88: =D88+F88-G88 -> 160.2 | I88: 160.2 | J88: =I88*E88 -> 3195.2689 | K88: =I88/H88 -> 1 | M88: =L88*E88 -> 0 | N88: =L88/H88 -> 0 | O88: =I88+L88 -> 160.2 | P88: =J88+M88 -> 3195.2689 | Q88: =K88+N88 -> 1
A89: 9.12 | B89: Ponto padrão de tomada para ar refrigerado - considerando eletroduto PVC rígido de 3/4" inclusive conexões (6.0m), fio isolado PVC de 4.0mm2 (21.6m) e caixa PVC 4x2" (1 und) | C89: und | D89: 3 | E89: 378.19405 | F89: 8 | H89: =D89+F89-G89 -> 11 | I89: 3 | J89: =I89*E89 -> 1134.5822 | K89: =I89/H89 -> 0.27272727 | L89: 8 | M89: =L89*E89 -> 3025.5524 | N89: =L89/H89 -> 0.72727273 | O89: =I89+L89 -> 11 | P89: =J89+M89 -> 4160.1346 | Q89: =K89+N89 -> 1
A90: 9.13 | B90: Caixa de passagem 200x200x100mm, chapa 18, com tampa parafusada | C90: und | D90: 4 | E90: 133.51622 | H90: =D90+F90-G90 -> 4 | I90: 4 | J90: =I90*E90 -> 534.06489 | K90: =I90/H90 -> 1 | M90: =L90*E90 -> 0 | N90: =L90/H90 -> 0 | O90: =I90+L90 -> 4 | P90: =J90+M90 -> 534.06489 | Q90: =K90+N90 -> 1
A91: 9.14 | B91: Eletroduto de PVC rígido roscável, diâm. 2" (60mm), inclusive conexões | C91: m | D91: 14 | E91: 55.813156 | H91: =D91+F91-G91 -> 14 | I91: 14 | J91: =I91*E91 -> 781.38418 | K91: =I91/H91 -> 1 | M91: =L91*E91 -> 0 | N91: =L91/H91 -> 0 | O91: =I91+L91 -> 14 | P91: =J91+M91 -> 781.38418 | Q91: =K91+N91 -> 1
A92: 9.15 | B92: Eletroduto flexível corrugado 3/4" , marca de referência TIGRE | C92: m | D92: 7.8 | E92: 10.370192 | F92: 118.2 | H92: =D92+F92-G92 -> 126 | I92: 7.8 | J92: =I92*E92 -> 80.887498 | K92: =I92/H92 -> 0.061904762 | L92: 118.2 | M92: =L92*E92 -> 1225.7567 | N92: =L92/H92 -> 0.93809524 | O92: =I92+L92 -> 126 | P92: =J92+M92 -> 1306.6442 | Q92: =K92+N92 -> 1
A93: 9.16 | B93: Cabo de cobre termoplástico (PVC) flexível isolado 450/750V, antichama BWF livre de chumbo, 70ºC – 4,0mm2 | C93: m | E93: 11.616188 | F93: 295.8 | H93: =D93+F93-G93 -> 295.8 | J93: =I93*E93 -> 0 | K93: =I93/H93 -> 0 | L93: 295.8 | M93: =L93*E93 -> 3436.0685 | N93: =L93/H93 -> 1 | O93: =I93+L93 -> 295.8 | P93: =J93+M93 -> 3436.0685 | Q93: =K93+N93 -> 1
A94: 9.17 | B94: Cabo de cobre termoplástico (PVC) flexível isolado 450/750V, antichama BWF livre de chumbo, 70ºC – 6,0mm2 | C94: m | E94: 14.693412 | F94: 69.6 | H94: =D94+F94-G94 -> 69.6 | J94: =I94*E94 -> 0 | K94: =I94/H94 -> 0 | L94: 69.6 | M94: =L94*E94 -> 1022.6615 | N94: =L94/H94 -> 1 | O94: =I94+L94 -> 69.6 | P94: =J94+M94 -> 1022.6615 | Q94: =K94+N94 -> 1
A95: 9.18 | B95: Cabo de cobre termoplástico (PVC) flexível isolado 450/750V, antichama BWF livre de chumbo, 70ºC – 16,0mm2 | C95: m | E95: 28.441011 | F95: 160.2 | H95: =D95+F95-G95 -> 160.2 | J95: =I95*E95 -> 0 | K95: =I95/H95 -> 0 | L95: 160.2 | M95: =L95*E95 -> 4556.25 | N95: =L95/H95 -> 1 | O95: =I95+L95 -> 160.2 | P95: =J95+M95 -> 4556.25 | Q95: =K95+N95 -> 1
A96: 9.19 | B96: Quadro de distribuição de energia, de embutir, com 18 divisões modulares, com barramento | C96: und | E96: 687.36663 | F96: 1 | H96: =D96+F96-G96 -> 1 | J96: =I96*E96 -> 0 | K96: =I96/H96 -> 0 | L96: 1 | M96: =L96*E96 -> 687.36663 | N96: =L96/H96 -> 1 | O96: =I96+L96 -> 1 | P96: =J96+M96 -> 687.36663 | Q96: =K96+N96 -> 1
A97: 9.20 | B97: Mini-Disjuntor bipolar 16 A, curva C - 5KA 220/127VCA (NBR IEC 60947-2), Ref. Siemens, GE, Schneider ou equivalente | C97: und | E97: 85.163178 | F97: 3 | H97: =D97+F97-G97 -> 3 | J97: =I97*E97 -> 0 | K97: =I97/H97 -> 0 | L97: 3 | M97: =L97*E97 -> 255.48954 | N97: =L97/H97 -> 1 | O97: =I97+L97 -> 3 | P97: =J97+M97 -> 255.48954 | Q97: =K97+N97 -> 1
A98: 9.21 | B98: Mini-Disjuntor bipolar 20 A, curva C - 5KA 220/127VCA (NBR IEC 60947-2), Ref. Siemens, GE, Schneider ou equivalente | C98: und | E98: 85.163178 | F98: 3 | H98: =D98+F98-G98 -> 3 | J98: =I98*E98 -> 0 | K98: =I98/H98 -> 0 | L98: 3 | M98: =L98*E98 -> 255.48954 | N98: =L98/H98 -> 1 | O98: =I98+L98 -> 3 | P98: =J98+M98 -> 255.48954 | Q98: =K98+N98 -> 1
A99: 9.22 | B99: Mini-Disjuntor tripolar 32 A, curva C - 5KA 220/127VCA (NBR IEC 60947-2), Ref. Siemens, GE, Schneider ou equivalente | C99: und | E99: 115.06953 | F99: 2 | H99: =D99+F99-G99 -> 2 | J99: =I99*E99 -> 0 | K99: =I99/H99 -> 0 | L99: 2 | M99: =L99*E99 -> 230.13907 | N99: =L99/H99 -> 1 | O99: =I99+L99 -> 2 | P99: =J99+M99 -> 230.13907 | Q99: =K99+N99 -> 1
A100: 9.23 | B100: Mini-Disjuntor tripolar 125 A, curva C - 20KA 240VCA (NBR IEC 60947-2), Ref. Siemens, GE, Schneider ou equivalente | C100: und | E100: 511.81831 | F100: 1 | H100: =D100+F100-G100 -> 1 | J100: =I100*E100 -> 0 | K100: =I100/H100 -> 0 | L100: 1 | M100: =L100*E100 -> 511.81831 | N100: =L100/H100 -> 1 | O100: =I100+L100 -> 1 | P100: =J100+M100 -> 511.81831 | Q100: =K100+N100 -> 1
A101: 9.24 | B101: Dispositivo DPS classe ii, 1 polo, tensao maxima de 460 V, corrente maxima de *90* KA (tipo AC) | C101: und | E101: 503.41256 | F101: 4 | H101: =D101+F101-G101 -> 4 | J101: =I101*E101 -> 0 | K101: =I101/H101 -> 0 | L101: 4 | M101: =L101*E101 -> 2013.6503 | N101: =L101/H101 -> 1 | O101: =I101+L101 -> 4 | P101: =J101+M101 -> 2013.6503 | Q101: =K101+N101 -> 1
A102: 10 | B102: PINTURA | M102: =SUM(M104:M108) -> 13163.542 | P102: =SUM(P104:P108) -> 52835.835
A103: 10.1 | B103: SOBRE PAREDES E FORROS
A104: 10.1.1 | B104: Emassamento de paredes e forros, com duas demãos de massa acrílica, marcas de referência Suvinil, Coral ou Metalatex | C104: m2 | D104: 561.47 | E104: 23.822092 | F104: 185.35 | H104: =D104+F104-G104 -> 746.82 | I104: 561.47 | J104: =I104*E104 -> 13375.39 | K104: =I104/H104 -> 0.75181436 | L104: 185.35 | M104: =L104*E104 -> 4415.4248 | N104: =L104/H104 -> 0.24818564 | O104: =I104+L104 -> 746.82 | P104: =J104+M104 -> 17790.815 | Q104: =K104+N104 -> 1
A105: 10.1.2 | B105: Pintura, sobre paredes e forros, aplicação manual, com duas demãos de tinta esmalte sintético, referência Suvinil, Coral e Metalatex, inclusive uma demão de liquido selador PVA, referência Suvinil, Coral ou Metalatex ou equivalente | C105: m2 | D105: 561.47 | E105: 31.465217 | F105: 278.025 | H105: =D105+F105-G105 -> 839.495 | I105: 561.47 | J105: =I105*E105 -> 17666.775 | K105: =I105/H105 -> 0.66881875 | L105: 278.025 | M105: =L105*E105 -> 8748.117 | N105: =L105/H105 -> 0.33118125 | O105: =I105+L105 -> 839.495 | P105: =J105+M105 -> 26414.892 | Q105: =K105+N105 -> 1
A106: 10.2 | B106: SOBRE MADEIRA
A107: 10.2.1 | B107: Emassamento de esquadrias e elementos de madeira, com duas demãos de massa à base água, referência Suvinil, Coral, Sherwin Williams ou equivalente, inclusive uma demão de fundo nivelador alquídico branco, referência Suvinil, Coral ou Metalatex ou equivalente | C107: m2 | D107: 73.07 | E107: 61.866511 | H107: =D107+F107-G107 -> 73.07 | I107: 73.07 | J107: =I107*E107 -> 4520.586 | K107: =I107/H107 -> 1 | M107: =L107*E107 -> 0 | N107: =L107/H107 -> 0 | O107: =I107+L107 -> 73.07 | P107: =J107+M107 -> 4520.586 | Q107: =K107+N107 -> 1
A108: 10.2.2 | B108: Pintura de esquadrias e elementos de madeira, aplicação manual, com duas demãos de tinta esmalte sintético referência Suvinil, Coral ou Metalatex, inclusive fundo branco nivelador, referência Suvinil, Coral e Metalatex ou equivalente | C108: m2 | D108: 73.07 | E108: 56.241171 | H108: =D108+F108-G108 -> 73.07 | I108: 73.07 | J108: =I108*E108 -> 4109.5424 | K108: =I108/H108 -> 1 | M108: =L108*E108 -> 0 | N108: =L108/H108 -> 0 | O108: =I108+L108 -> 73.07 | P108: =J108+M108 -> 4109.5424 | Q108: =K108+N108 -> 1
A109: 11 | B109: TETOS E FORROS | M109: =SUM(M110) -> 1972.2714 | P109: =SUM(P110) -> 24721.806
A110: 11.1 | B110: Forro de gesso acabamento tipo liso | C110: m2 | D110: 369.11 | E110: 61.633481 | F110: 32 | H110: =D110+F110-G110 -> 401.11 | I110: 369.11 | J110: =I110*E110 -> 22749.534 | K110: =I110/H110 -> 0.92022139 | L110: 32 | M110: =L110*E110 -> 1972.2714 | N110: =L110/H110 -> 0.079778614 | O110: =I110+L110 -> 401.11 | P110: =J110+M110 -> 24721.806 | Q110: =K110+N110 -> 1
A111: 12 | B111: REDE DE LÓGICA | M111: =SUM(M112:M115) -> 0 | P111: =SUM(P112:P115) -> 2289.4522
...

Sheet MEMO CALCULO 09
B2: PREFEITURA MUNICIPAL DE SÃO ROQUE DO CANAÃ
B8: MEMÓRIA DE CÁLCULO 9ª MEDIÇÃO
B9: OBRA: REFORMA UNIDADE BÁSICA DE SAÚDE “ETHEVALDO FRANCISCO ROLDI” (UBS SEDE) | D9: DATA: 06/03/2025
B10: LOCAL:RUA OLÍVIO PERINI, Nº 107, BAIRRO CINCO CASINHAS, SÃO ROQUE DO CANAÃ/ES
B11: ITEM | C11: DESCRIÇÃO | D11: UND | E11: QUANT.
B12: 4 | C12: =VLOOKUP(B12,'MEDIÇÃO 9'!$A$20:$C$126,2,0) -> ESQUADRIAS DE MADEIRA
B13: 4.2 | C13: =VLOOKUP(B13,'MEDIÇÃO 9'!$A$20:$C$126,2,0) -> Recolocação de porta em madeira de lei tipo angelim pedra ou equiv.c/enchimento em madeira 1a.qualidade esp. 30mm p/ pintura, inclusive alizares, dobradiças e fechadura externa em latão cromado LaFonte ou equiv., exclusive marco e porta, nas dim.: 0.80 x 2.10 m | D13: =VLOOKUP(B13,'MEDIÇÃO 9'!$A$20:$C$112,3,0) -> und. | E13: =SUM(D14:D14) -> 8
B14: 8,00 unidades | D14: 8
B16: 5 | C16: =VLOOKUP(B16,'MEDIÇÃO 9'!$A$20:$C$126,2,0) -> VIDROS
B17: 5.2 | C17: =VLOOKUP(B17,'MEDIÇÃO 9'!$A$20:$C$126,2,0) -> Silicone acetico uso geral incolor 280 g | D17: =VLOOKUP(B17,'MEDIÇÃO 9'!$A$20:$C$112,3,0) -> und | E17: =D18 -> 4
B18: 4,00 unidades | D18: 4
B20: 6 | C20: =VLOOKUP(B20,'MEDIÇÃO 9'!$A$20:$C$126,2,0) -> REVESTIMENTOS
B21: 6.6 | C21: =VLOOKUP(B21,'MEDIÇÃO 9'!$A$20:$C$126,2,0) -> Pastilha cerâmica branca 5 x 5 cm, assentada com argamassa de cimento colante e rejunte pré-fabricado, marcas de referência Atlas, Jatobá, NGK ou equivalentwe | D21: =VLOOKUP(B21,'MEDIÇÃO 9'!$A$20:$C$112,3,0) -> m2 | E21: =D22 -> 12
B22: 12,00 m² | D22: 12
B24: 7. | C24: =VLOOKUP(B24,'MEDIÇÃO 9'!$A$20:$C$126,2,0) -> PISO
B25: 7.2 | C25: =VLOOKUP(B25,'MEDIÇÃO 9'!$A$20:$C$126,2,0) -> Piso vinílico - flexível em manta, padrão liso, espessura 2mm, fixado com cola. | D25: =VLOOKUP(B25,'MEDIÇÃO 9'!$A$20:$C$125,3,0) -> m2 | E25: =D26 -> 33.62
B26: 33,62 m² | D26: 33.62
B27: 7.3 | C27: =VLOOKUP(B27,'MEDIÇÃO 9'!$A$20:$C$126,2,0) -> Rodapé vinílico flexível em manta, altura 10 cm. | D27: =VLOOKUP(B27,'MEDIÇÃO 9'!$A$20:$C$125,3,0) -> m | E27: =D28 -> 20.5
B28: 20,50 m | D28: 20.5
B30: 8 | C30: =VLOOKUP(B30,'MEDIÇÃO 9'!$A$20:$C$126,2,0) -> INSTALAÇÕES HIDRO SANITÁRIAS
B31: 8.1 | C31: =VLOOKUP(B31,'MEDIÇÃO 9'!$A$20:$C$126,2,0) -> APARELHOS HIDROSSANITÁRIOS
B32: 8.2.3 | C32: =VLOOKUP(B32,'MEDIÇÃO 9'!$A$20:$C$126,2,0) -> Tubo de PVC rígido soldável marrom, DN 25mm (3/4"), inclusive conexões | D32: =VLOOKUP(B32,'MEDIÇÃO 9'!$A$20:$C$125,3,0) -> m | E32: =D33 -> 33.62
B33: 33,62 m² | D33: 33.62
B34: 8.2 | C34: =VLOOKUP(B34,'MEDIÇÃO 9'!$A$20:$C$126,2,0) -> TORNEIRAS, REGISTRO, VÁLVULAS E METAIS
B35: 8.2.6 | C35: =VLOOKUP(B35,'MEDIÇÃO 9'!$A$20:$C$126,2,0) -> Torneira para tanque, marcas de referência Fabrimar, Deca ou Docol. | D35: =VLOOKUP(B35,'MEDIÇÃO 9'!$A$20:$C$125,3,0) -> und | E35: =D36 -> 1
B36: 1,00 unidade | D36: 1
B37: 8.2.7 | C37: =VLOOKUP(B37,'MEDIÇÃO 9'!$A$20:$C$126,2,0) -> Tanque simples de aço inox Fischer, mod. TQ1-S AISI 304, ou equivalente nas marcas Metalpress ou Mekal, inclusive válvula de metal 1 1/4" e sifão cromado 2", excl. torneira | D37: =VLOOKUP(B37,'MEDIÇÃO 9'!$A$20:$C$125,3,0) -> und | E37: =D38 -> 1
B38: 1,00 unidade | D38: 1
B40: 9 | C40: =VLOOKUP(B40,'MEDIÇÃO 9'!$A$20:$C$126,2,0) -> INSTALAÇÕES ELÉTRICAS
B41: 9.2 | C41: =VLOOKUP(B41,'MEDIÇÃO 9'!$A$20:$C$126,2,0) -> Tomada padrão brasileiro linha branca, NBR 14136 2 polos + terra 10A/250V, com placa 4x2" | D41: =VLOOKUP(B41,'MEDIÇÃO 9'!$A$20:$C$125,3,0) -> und | E41: =D42 -> 37
B42: 37,00 unidades | D42: 37
B43: 9.6 | C43: =VLOOKUP(B43,'MEDIÇÃO 9'!$A$20:$C$126,2,0) -> Luminaria sobrepor compl., corpo ch. aço pintada branca, refletor, aletas parabólicas alum.alta pureza e refletância inclusive 2 lâmpadas LED T8 9/10W temp. de cor 5000k c/ 60cm - Ref. CS216AL-N - AMES, 1261 - LUMAVI OU EQUIVALENTE | D43: =VLOOKUP(B43,'MEDIÇÃO 9'!$A$20:$C$125,3,0) -> und | E43: =D44 -> 41
B44: 41,00 unidades | D44: 41
B45: 9.12 | C45: =VLOOKUP(B45,'MEDIÇÃO 9'!$A$20:$C$126,2,0) -> Ponto padrão de tomada para ar refrigerado - considerando eletroduto PVC rígido de 3/4" inclusive conexões (6.0m), fio isolado PVC de 4.0mm2 (21.6m) e caixa PVC 4x2" (1 und) | D45: =VLOOKUP(B45,'MEDIÇÃO 9'!$A$20:$C$125,3,0) -> und | E45: =D46 -> 8
B46: 8,00 unidades | D46: 8
B47: 9.15 | C47: =VLOOKUP(B47,'MEDIÇÃO 9'!$A$20:$C$126,2,0) -> Eletroduto flexível corrugado 3/4" , marca de referência TIGRE | D47: =VLOOKUP(B47,'MEDIÇÃO 9'!$A$20:$C$125,3,0) -> m | E47: =D48 -> 118.2
B48: 118,20 m | D48: 118.2
B49: 9.16 | C49: =VLOOKUP(B49,'MEDIÇÃO 9'!$A$20:$C$126,2,0) -> Cabo de cobre termoplástico (PVC) flexível isolado 450/750V, antichama BWF livre de chumbo, 70ºC – 4,0mm2 | D49: =VLOOKUP(B49,'MEDIÇÃO 9'!$A$20:$C$125,3,0) -> m | E49: =D50 -> 295.8
B50: 295,80 m | D50: 295.8
B51: 9.17 | C51: =VLOOKUP(B51,'MEDIÇÃO 9'!$A$20:$C$126,2,0) -> Cabo de cobre termoplástico (PVC) flexível isolado 450/750V, antichama BWF livre de chumbo, 70ºC – 6,0mm2 | D51: =VLOOKUP(B51,'MEDIÇÃO 9'!$A$20:$C$125,3,0) -> m | E51: =D52 -> 69.6
B52: 69,60 m | D52: 69.6
B53: 9.18 | C53: =VLOOKUP(B53,'MEDIÇÃO 9'!$A$20:$C$126,2,0) -> Cabo de cobre termoplástico (PVC) flexível isolado 450/750V, antichama BWF livre de chumbo, 70ºC – 16,0mm2 | D53: =VLOOKUP(B53,'MEDIÇÃO 9'!$A$20:$C$125,3,0) -> m | E53: =D54 -> 160.2
B54: 160,20 m | D54: 160.2
B55: 9.19 | C55: =VLOOKUP(B55,'MEDIÇÃO 9'!$A$20:$C$126,2,0) -> Quadro de distribuição de energia, de embutir, com 18 divisões modulares, com barramento | D55: =VLOOKUP(B55,'MEDIÇÃO 9'!$A$20:$C$125,3,0) -> und | E55: =D56 -> 1
B56: 1,00 unidade | D56: 1
B57: 9.20 | C57: =VLOOKUP(B57,'MEDIÇÃO 9'!$A$20:$C$126,2,0) -> Mini-Disjuntor bipolar 16 A, curva C - 5KA 220/127VCA (NBR IEC 60947-2), Ref. Siemens, GE, Schneider ou equivalente | D57: =VLOOKUP(B57,'MEDIÇÃO 9'!$A$20:$C$125,3,0) -> und | E57: =D58 -> 3
B58: 3,00 unidades | D58: 3
B59: 9.21 | C59: =VLOOKUP(B59,'MEDIÇÃO 9'!$A$20:$C$126,2,0) -> Mini-Disjuntor bipolar 20 A, curva C - 5KA 220/127VCA (NBR IEC 60947-2), Ref. Siemens, GE, Schneider ou equivalente | D59: =VLOOKUP(B59,'MEDIÇÃO 9'!$A$20:$C$125,3,0) -> und | E59: =D60 -> 3
B60: 3,00 unidades | D60: 3
B61: 9.22 | C61: =VLOOKUP(B61,'MEDIÇÃO 9'!$A$20:$C$126,2,0) -> Mini-Disjuntor tripolar 32 A, curva C - 5KA 220/127VCA (NBR IEC 60947-2), Ref. Siemens, GE, Schneider ou equivalente | D61: =VLOOKUP(B61,'MEDIÇÃO 9'!$A$20:$C$125,3,0) -> und | E61: =D62 -> 2
B62: 2,00 unidades | D62: 2
B63: 9.23 | C63: =VLOOKUP(B63,'MEDIÇÃO 9'!$A$20:$C$126,2,0) -> Mini-Disjuntor tripolar 125 A, curva C - 20KA 240VCA (NBR IEC 60947-2), Ref. Siemens, GE, Schneider ou equivalente | D63: =VLOOKUP(B63,'MEDIÇÃO 9'!$A$20:$C$125,3,0) -> und | E63: =D64 -> 1
B64: 1,00 unidade | D64: 1
B65: 9.24 | C65: =VLOOKUP(B65,'MEDIÇÃO 9'!$A$20:$C$126,2,0) -> Dispositivo DPS classe ii, 1 polo, tensao maxima de 460 V, corrente maxima de *90* KA (tipo AC) | D65: =VLOOKUP(B65,'MEDIÇÃO 9'!$A$20:$C$125,3,0) -> und | E65: =D66 -> 4
B66: 4,00 unidades | D66: 4
B68: 10 | C68: =VLOOKUP(B68,'MEDIÇÃO 9'!$A$20:$C$126,2,0) -> PINTURA
B69: 10.1 | C69: =VLOOKUP(B69,'MEDIÇÃO 9'!$A$20:$C$126,2,0) -> SOBRE PAREDES E FORROS
B70: 10.1.1 | C70: =VLOOKUP(B70,'MEDIÇÃO 9'!$A$20:$C$126,2,0) -> Emassamento de paredes e forros, com duas demãos de massa acrílica, marcas de referência Suvinil, Coral ou Metalatex | D70: =VLOOKUP(B70,'MEDIÇÃO 9'!$A$20:$C$125,3,0) -> m2 | E70: =D71 -> 185.35
B71: 185,35 m² | D71: 185.35
B72: 10.1.2 | C72: =VLOOKUP(B72,'MEDIÇÃO 9'!$A$20:$C$126,2,0) -> Pintura, sobre paredes e forros, aplicação manual, com duas demãos de tinta esmalte sintético, referência Suvinil, Coral e Metalatex, inclusive uma demão de liquido selador PVA, referência Suvinil, Coral ou Metalatex ou equivalente | D72: =VLOOKUP(B72,'MEDIÇÃO 9'!$A$20:$C$125,3,0) -> m2 | E72: =D73 -> 278.03
B73: 278,03 m² | D73: 278.03
B75: 11 | C75: =VLOOKUP(B75,'MEDIÇÃO 9'!$A$20:$C$126,2,0) -> TETOS E FORROS
B76: 11.1 | C76: =VLOOKUP(B76,'MEDIÇÃO 9'!$A$20:$C$126,2,0) -> Forro de gesso acabamento tipo liso | D76: =VLOOKUP(B76,'MEDIÇÃO 9'!$A$20:$C$125,3,0) -> m2 | E76: =D77 -> 32
B77: 32,00 m² | D77: 32
B79: 13 | C79: =VLOOKUP(B79,'MEDIÇÃO 9'!$A$20:$C$126,2,0) -> SERVIÇOS COMPLEMENTARES
B80: 13.2 | C80: =VLOOKUP(B80,'MEDIÇÃO 9'!$A$20:$C$126,2,0) -> Limpeza geral da obra (edificação) | D80: =VLOOKUP(B80,'MEDIÇÃO 9'!$A$20:$C$125,3,0) -> m2 | E80: =D81 -> 328
B81: 328,00 m² | D81: 328
B82: 13.7 | C82: =VLOOKUP(B82,'MEDIÇÃO 9'!$A$20:$C$126,2,0) -> Impermeabilização com argamassa de igol 2 - marca de referência Sika | D82: =VLOOKUP(B82,'MEDIÇÃO 9'!$A$20:$C$125,3,0) -> m2 | E82: =D83 -> 24.5
B83: 24,50 m² | D83: 24.5
B85: 14 | C85: =VLOOKUP(B85,'MEDIÇÃO 9'!$A$20:$C$126,2,0) -> ADMINISTRAÇÃO LOCAL
B86: 14.1 | C86: =VLOOKUP(B86,'MEDIÇÃO 9'!$A$20:$C$126,2,0) -> Administração local | D86: =VLOOKUP(B86,'MEDIÇÃO 9'!$A$20:$C$125,3,0) -> und | E86: =SUM(D87) -> 0.212
B87: 0,212023008773929 unidades | D87: 0.212
C93: ____________________________________________
C94: PEDRO JAYME LANI JUNIOR
C95: Assessor de Assuntos de Gestão
C96: Engenheiro Civil
C97: CREA ES 20109/D
C98: Fiscal da Obra
